 Dungeon Crawl Stone Soup version 0.30.0 (webtiles) character file.

Game seed: 10633919189574421735

49 Kepochkin the Sneak (level 3, -3/25 HPs)
             Began as an Octopode Brigand on May 20, 2023.
             Was a Believer of Makhleb.
             Slain by an orc
             ... wielding a +0 mace
              (7 damage)
             ... on level 3 of the Dungeon on Nov 5, 2023.
             The game lasted 00:10:58 (1706 turns).

Kepochkin the Sneak (Octopode Brigand)              Turns: 1706, Time: 00:10:59

Health: -3/25      AC:  1    Str: 10    XL:     3   Next: 75%
Magic:  3/3        EV: 13    Int: 13    God:    Makhleb [**....]
Gold:   93         SH:  0    Dex: 15    Spells: 2/2 levels left

rFire   . . .        a - +2 dagger
rCold   . . .        (no shield)
rNeg    . . .        (helmet restricted)
rPois   .            (no amulet)
rElec   .            (no ring)
rCorr   .            (no ring)
SInv    .            (no ring)
Will    .....        (no ring)
Stlth   ++++         (no ring)
HPRegen 0.24/turn    (no ring)
MPRegen 0.08/turn    (no ring)
                     (no ring)

%: no passive effects
@: no status effects
A: almost no armour, amphibious, 8 rings, camouflage 1, gelatinous body 1,
(nimble swimmer 1), tentacles
a: Renounce Religion, Minor Destruction


You were on level 3 of the Dungeon.
You worshipped Makhleb.
Makhleb was pleased with you.
You visited 1 branch of the dungeon, and saw 3 of its levels.

You collected 93 gold pieces.

Inventory:

Hand Weapons
 a - a +2 dagger (weapon)
Missiles
 b - 9 poisoned darts (quivered)
 c - 3 curare-tipped darts
Scrolls
 d - a scroll of amnesia {unknown}
 h - a scroll of teleportation {unknown}
 k - a scroll of immolation {unknown}
 m - a scroll of identify {unknown}
Potions
 e - 2 potions of degeneration {unknown}
 f - a potion of might {unknown}
 g - 3 potions of haste {unknown}
 i - a potion of resistance {unknown}
 j - 2 potions of curing {unknown}
 l - a potion of flight {unknown}


   Skills:
 * Level 2.4 Fighting
 * Level 2.4 Short Blades
 - Level 2.0 Throwing
 * Level 1.6 Dodging
 * Level 6.2 Stealth


You had 2 spell levels left.
You didn't know any spells.
Your spell library was empty.

Dungeon Overview and Level Annotations

Branches:
Dungeon (2/15)

Altars:
Ashenzari
Makhleb


Innate Abilities, Weirdness & Mutations

You cannot wear most types of armour.
You are amphibious.
You can wear up to eight rings at the same time.
Your skin changes colour to match your surroundings (Stealth+).
Your rubbery body absorbs attacks. (AC +1, EV +1)
((You are camouflaged when in or above water. (Stealth+)))
You have tentacles for arms and can constrict up to eight enemies at once.


Message History

The orc misses you. The orc attacks as you move away!
The orc hits you with a +0 mace!
* * * LOW HITPOINT WARNING * * *
You see here a dark potion.
What are your orders? t - Shout!
Orders for allies: a - Attack new target. r - Retreat! s - Stop attacking. g - Guard the area. f - Follow me.
Anything else - Cancel.
Okay, then.
Okay, then.
Okay, then.
Okay, then.
You aren't carrying any wearable armour.
What are your orders? t - Shout!
Orders for allies: a - Attack new target. r - Retreat! s - Stop attacking. g - Guard the area. f - Follow me.
Anything else - Cancel.
Okay, then.
Okay, then.
Aiming: Minor Destruction (24% risk of failure)
Press: ? - help, Shift-Dir - straight line, f - orc
Aim: an orc, wielding a +0 mace and wearing a +0 leather armour (heavily wounded)
The stone arrow misses the orc. x2; The stone arrow hits the orc!
You kill the orc!
Makhleb accepts your kill. The orc closely misses you.
Found a silvery potion.
The orc attacks as you move away! The orc closely misses you.
The orc closely misses you. The orc attacks as you move away!
The orc completely misses you. The orc attacks as you move away!
The orc hits you with a +0 mace!
* * * LOW HITPOINT WARNING * * *
A quokka comes into view.
The orc attacks as you move away! The orc barely misses you.
The orc hits you with a +0 mace!
You die...

#P§.§ #..#.# #
#.#P.P#.
r...#PP #....##
#####....#
.........#
#..@.####
#.#.o.o.# ..
#####g# ## #.#
#.# #g###
#.#.## ..
#....##
....##.....##..


You could see 2 orcs, a quokka (asleep) and a goblin.

Vanquished Creatures
  An orc (D:3)
  4 ball pythons
  2 endoplasms
  3 giant cockroaches (D:1)
  2 goblins (D:1)
  5 hobgoblins
  4 jackals (D:1)
  6 kobolds (D:1)
  2 quokkas (D:2)
  5 bats
  3 frilled lizards (D:1)
  3 rats
40 creatures vanquished.

Notes
Turn   | Place    | Note
-------+----------+-------------------------------------------
     0 | D:1      | Kepochkin the Octopode Brigand began the quest for the Orb.
     0 | D:1      | Reached XP level 1. HP: 14/14 MP: 1/1
   108 | D:1      | Found a faded altar of an unknown god.
   117 | D:1      | Prayed at the altar of an unknown god.
   117 | D:1      | Became a worshipper of Makhleb the Destroyer
   117 | D:1      | Reached * piety under Makhleb
   169 | D:1      | Reached XP level 2. HP: 19/19 MP: 2/2
   319 | D:1      | Reached skill level 6 in Stealth
   350 | D:1      | Reached XP level 3. HP: 24/24 MP: 3/3
   559 | D:1      | Reached ** piety under Makhleb
  1304 | D:2      | Found a broken altar of Ashenzari.
  1666 | D:2      | You fall into a shaft and drop 1 floor!
  1706 | D:3      | Slain by an orc

Illustrated notes

Levels and vault maps discovered:
D:1:      minmay_arrival_pointy, layout_loops_ring, basic_ecumenical_altar,
          minmay_misc_feat_ornament
D:2:      layout_basic, basic_altar
D:3:      layout_loops_cross, nicolae_hepliaklqana_hazy_memory,
          portal_sewer_entry_a

Skill      XL: |  1  2 |
---------------+-------+-----
Stealth        | 6 |  6.2
Fighting       | |  2.4
Short Blades   | |  2.4
Throwing       | |  2.0
Dodging        | |  1.6

Action                     || total
---------------------------++-------
  Melee: Dagger            ||    67
         Tentacles         ||    17
         Constrict         ||    18
 Invoke: Minor Destruction ||     1
   Stab: Sleeping          ||    10
 Armour: Skin              ||     3
  Dodge: Dodged            ||    48
